Map: Oceanborn LE

Players

LiquidCure (Cure)

  • Race: Terran Terran
  • Spawn Location: 11:00

LiquidClem (Clem) - Winner!

  • Race: Terran Terran
  • League: Master
  • Spawn Location: 5:00

VOD

Have the link to the VOD?

Description

Time

  • Played on: Dec. 20, 2023, 7:55 a.m.
  • Length: 9:43
Show
View Real Time Build Order
Export as new Build Order

LiquidCure Terran 

Build Orders: Reaper Expand, Mech, Banshee Rush 

Get SALT Encoding   

  12  0:00  SCV  
  13  0:12  SCV  
  14  0:17  Supply Depot  
  14  0:24  SCV  
  15  0:38  SCV  
  15  0:40  Barracks  
  16  0:42  Refinery  
  16  0:50  SCV  
  17  1:03  SCV  
  18  1:15  SCV  
  19  1:27  Orbital Command, Reaper  
  20  1:40  Command Center  
  20  1:49  Supply Depot  
  20  1:53  SCV  
  21  1:59  Marine  
  22  2:05  SCV  
  23  2:08  Factory  
  23  2:14  Refinery  
  23  2:17  SCV  
  23  2:21  Barracks Reactor  
  24  2:29  SCV  
  25  2:41  SCV  
  26  2:52  Hellion  
  26  2:53  Orbital Command, SCV  
  26  2:54  Starport  
  29  2:59  Marine x2  
  31  3:05  SCV  
  31  3:06  Supply Depot  
  32  3:18  SCV  
  34  3:20  SCV  
  34  3:21  Hellion  
  34  3:22  Hellion  
  34  3:23  Barracks Tech Lab  
  38  3:30  SCV  
  38  3:32  SCV  
  40  3:40  Supply Depot  
  40  3:44  Banshee  
  40  3:46  Cyclone  
  40  3:48  SCV x2  
  47  3:49  Cyclone  
  47  3:53  Cloaking Field  
  49  3:59  Refinery  
  49  4:00  SCV x2  
  51  4:05  Supply Depot  
  51  4:12  SCV x2  
  53  4:22  Cyclone x2  
  57  4:25  SCV x2  
  57  4:27  Supply Depot  
  57  4:28  Banshee  
  59  4:37  SCV x2  
  53  4:49  SCV x2  
  53  4:51  Hyperflight Rotors  
  52  4:54  Cyclone x2  
  55  5:01  SCV x2  
  57  5:13  SCV x2  
  57  5:18  Banshee  
  60  5:25  SCV x2  
  60  5:27  Command Center  
  62  5:31  Cyclone  
  64  5:35  Cyclone  
  64  5:38  Refinery  
  64  5:41  SCV x2  
  60  5:53  SCV x2  
  58  6:05  SCV x2  
  58  6:06  Cyclone  
  58  6:07  Cyclone  
  64  6:17  SCV  
  64  6:18  SCV  
  62  6:21  Banshee  
  65  6:30  SCV x2  
  61  6:41  Orbital Command, Factory  
  61  6:42  SCV x2, Cyclone x2  
  61  6:43  Factory  
  60  6:54  SCV x2  
  60  6:58  Barracks Reactor  
  58  7:03  Banshee  
  58  7:04  Orbital Command  
  58  7:06  SCV x2  
  58  7:08  Supply Depot  
  63  7:15  Cyclone x2  
  67  7:18  SCV x2  
  69  7:22  Armory  
  69  7:23  Engineering Bay, Armory  
  69  7:26  Factory Tech Lab  
  69  7:30  SCV x2  
  69  7:32  SCV  
  69  7:36  Refinery  
  72  7:42  SCV x2  
  72  7:44  SCV, Refinery  
  72  7:51  Siege Tank  
  72  7:53  Hurricane Engines, Siege Tank  
  72  7:54  SCV x2  
  72  7:56  SCV  
  81  8:00  Missile Turret x2, Widow Mine x2  
  85  8:06  SCV x2, Missile Turret  
  85  8:07  Viking  
  85  8:08  Missile Turret  
  85  8:09  SCV  
  90  8:12  Viking  
  90  8:17  Supply Depot  
  90  8:18  Supply Depot, SCV  
  90  8:19  SCV  
  94  8:26  SCV  
  95  8:30  SCV  
  95  8:31  SCV  
  97  8:39  Factory  
  97  8:40  Siege Tank, Factory  
  100  8:45  Hellion x2  
  100  8:48  Siege Tank  
  107  8:49  SCV  
  107  8:50  SCV  
  107  8:53  Supply Depot  
  103  9:07  Hellion x2  
  99  9:12  SCV  
  99  9:13  SCV x2  
  66  9:25  SCV x3  
Show
View Real Time Build Order
Export as new Build Order

LiquidClem Terran - Winner!

Build Orders: Cyclone Opening 

Get SALT Encoding   

  12  0:00  SCV  
  13  0:12  SCV  
  14  0:17  Supply Depot  
  14  0:24  SCV  
  15  0:39  SCV  
  15  0:40  Barracks  
  16  0:43  Refinery  
  16  0:51  SCV  
  16  0:53  Refinery  
  17  1:03  SCV  
  18  1:15  SCV  
  19  1:28  Orbital Command, Reaper  
  20  1:39  Supply Depot  
  20  1:43  Factory  
  20  1:54  SCV  
  20  2:01  Barracks Reactor  
  21  2:06  SCV  
  22  2:17  Command Center  
  22  2:19  SCV  
  23  2:31  SCV  
  23  2:32  Cyclone  
  26  2:41  Starport  
  26  2:44  Marine x2  
  26  2:45  SCV  
  26  2:50  Supply Depot  
  29  2:57  SCV  
  30  3:02  Marine  
  31  3:11  Marine  
  31  3:12  SCV, Cyclone  
  35  3:17  Medivac  
  37  3:21  Marine  
  37  3:24  SCV  
  37  3:26  Refinery  
  39  3:29  Orbital Command  
  39  3:32  Marine  
  40  3:36  SCV  
  42  3:48  SCV  
  42  3:49  Starport Tech Lab  
  42  3:50  Medivac  
  42  3:54  SCV  
  45  3:59  Cyclone x2  
  45  4:00  Barracks Tech Lab  
  45  4:02  SCV  
  50  4:07  Supply Depot  
  50  4:08  SCV  
  51  4:14  SCV  
  52  4:25  Supply Depot  
  52  4:30  Raven, SCV  
  55  4:31  SCV  
  55  4:36  Cyclone x2  
  56  4:43  SCV x2  
  58  4:49  Supply Depot  
  56  4:55  SCV x2, Command Center  
  56  4:56  Barracks Tech Lab  
  56  5:04  Raven  
  58  5:07  SCV  
  58  5:08  Interference Matrix  
  58  5:09  SCV  
  58  5:11  Cyclone  
  62  5:16  Cyclone  
  62  5:19  SCV  
  62  5:20  Supply Depot  
  65  5:21  SCV  
  65  5:24  Refinery  
  66  5:31  SCV, Barracks  
  66  5:32  Barracks  
  67  5:36  Stimpack  
  67  5:39  Raven, Marine  
  67  5:40  SCV  
  71  5:45  SCV  
  72  5:51  Supply Depot  
  72  5:54  Cyclone x2  
  76  5:57  SCV, Marine  
  76  6:03  SCV, Engineering Bay x2  
  78  6:08  SCV  
  78  6:09  SCV  
  71  6:15  SCV  
  71  6:16  Viking  
  65  6:21  SCV  
  65  6:25  Marine  
  63  6:27  SCV  
  63  6:31  Orbital Command  
  61  6:38  Cyclone  
  61  6:39  SCV  
  64  6:45  Cyclone, Marine  
  64  6:47  SCV  
  64  6:51  SCV  
  64  6:53  Marine  
  66  6:55  Marine  
  66  6:57  SCV  
  66  6:59  SCV  
  66  7:00  Terran Infantry Weapons Level 1, Terran Infantry Armor Level 1  
  69  7:04  SCV  
  69  7:06  Orbital Command  
  70  7:11  SCV  
  70  7:12  Starport Reactor  
  71  7:17  Combat Shield, SCV, Barracks  
  71  7:18  Barracks  
  71  7:22  Barracks Reactor  
  72  7:23  SCV  
  72  7:25  Siege Tank  
  72  7:26  Marine x3  
  72  7:29  SCV  
  80  7:33  SCV, Missile Turret  
  80  7:36  Supply Depot, SCV, Missile Turret  
  81  7:41  SCV  
  81  7:44  Marine x3  
  78  7:45  SCV  
  78  7:48  SCV  
  83  7:51  Missile Turret  
  83  7:53  SCV  
  83  7:54  Medivac x2  
  83  7:57  SCV  
  89  8:00  SCV, Siege Tank  
  89  8:02  Marine  
  89  8:03  Marine  
  89  8:04  Marine x2  
  89  8:05  SCV  
  98  8:06  Marine  
  98  8:09  SCV  
  98  8:12  SCV  
  101  8:13  Supply Depot  
  101  8:17  SCV  
  101  8:19  Barracks Reactor  
  102  8:20  Marine, Barracks Reactor  
  102  8:21  Barracks Tech Lab, Marine  
  102  8:24  Barracks Tech Lab  
  102  8:25  Marine x2  
  106  8:27  Supply Depot, SCV  
  106  8:29  SCV  
  106  8:30  SCV, Armory  
  109  8:39  SCV  
  109  8:40  Siege Tank  
  113  8:46  SCV  
  113  8:47  SCV, Marine  
  113  8:48  Marine x2  
  115  8:49  Marauder  
  115  8:52  Concussive Shells, Marauder  
  115  8:53  Command Center  
  118  8:57  Marauder  
  118  9:02  Supply Depot, Marine  
  119  9:05  Marine  
  113  9:11  Marauder  
  113  9:12  Marine  
  113  9:13  Marauder  
  115  9:20  Marauder  
  115  9:21  Marine  
  116  9:30  SCV x3  
  126  9:32  Refinery x2  
  128  9:33  Supply Depot  
  128  9:34  Supply Depot  
Tags
 
Composition
Mech
League
Master
Matchup
TvT
Player
ClemCure
Race
Terran
Replay Pack
December 2023
Spawn Locations
Cross Positions
Strategy
Banshee Rush
Add a new tag
Caveats
  • Supply blocks, unpowered buildings, or Contaminate may cause inaccurate times.
  • Supply counts are checked every 10 seconds.